 Dungeon Crawl Stone Soup version 0.28-a0-984-g3775c662fe (webtiles) character file.

Game seed: 2496268186591952852

487 spiderkeys the Skirmisher (level 7, -8/56 HPs)
             Began as a Barachi Abyssal Knight on Dec 3, 2021.
             Was a Believer of Lugonu.
             Mangled by an ogre (23 damage)
             ... on level 4 of the Dungeon.
             The game lasted 00:06:50 (3254 turns).

spiderkeys the Skirmisher (Barachi Abyssal Knight)  Turns: 3254, Time: 00:06:50

Health: -8/56      AC: 11    Str: 17    XL:     7   Next: 13%
Magic:  9/9        EV: 11    Int: 10    God:    Lugonu [**....]
Gold:   159        SH:  0    Dex: 12    Spells: 4/6 levels left

rFire   . . .      SeeInvis .   d - +4 falchion
rCold   . . .      Faith    .   (no shield)
rNeg    . . .      Spirit   .   v - +3 ring mail
rPois   .          Reflect  .   (no helmet)
rElec   .          Harm     .   (no cloak)
rCorr   .          Rampage  .   e - +2 pair of gloves
Will    .....                   (no boots)
Stlth   +.........              (no amulet)
HPRegen 0.18/turn               (no ring)
MPRegen 0.11/turn               (no ring)

@: unable to hop, slow
A: amphibious, slowness 1, strong legs 1, +LOS
a: Hop, Renounce Religion, Depart the Abyss, Bend Space


You were on level 4 of the Dungeon.
You worshipped Lugonu.
Lugonu was pleased with you.
You visited 1 branch of the dungeon, and saw 4 of its levels.
You visited the Abyss 1 time.
You also visited: Sewer.

You collected 159 gold pieces.


Innate Abilities, Weirdness & Mutations

You are amphibious.
You cover ground slowly.
You can hop short distances.
You have an extended range of vision and can be seen from far away.


   Skills:
 + Level 5.4 Fighting
 + Level 3.7 Long Blades
 - Level 2.1 Axes
 - Level 2.4 Armour
 + Level 3.6 Dodging
 + Level 2.6 Poison Magic
 + Level 3.3 Invocations


You had 4 spell levels left.
You knew the following spells:

 Your Spells              Type           Power      Damage    Failure   Level
p - Poisonous Vapours     Pois/Air       4%         N/A       52%         2

Your spell library contained the following spells:

 Spells                   Type           Power      Damage    Failure   Level
 Sting                    Tmut/Pois      8%         1d3       36%         1
 Olgreb's Toxic Radiance  Pois           5%         N/A       92%         4

Inventory:

Hand Weapons
 a - a +1 hand axe
 d - a +4 falchion (weapon)
   (You found it on level 2 of the Abyss)
Missiles
 f - 174 stones
 g - a throwing net {=f!f}
 j - 60 arrows
 k - 13 poisoned darts
 n - 30 bolts
Armour
 e - a +2 pair of gloves (worn)
   (You found it on level 1 of the Dungeon)
 v - a +3 ring mail (worn)
   (You took it off a hobgoblin on level 3 of the Dungeon)
Magical Staves
 u - a staff of air {!a}
   (You found it on level 3 of the Dungeon)
Wands
 b - a wand of flame (12)
   (You took it off Natasha on level 3 of the Dungeon)
 o - a wand of digging (1)
   (You found it on level 2 of the Dungeon)
Scrolls
 h - 2 scrolls of fear
 l - a scroll of teleportation {@r4}
 m - 3 scrolls of enchant armour
Potions
 c - a potion of berserk rage {unknown}
 i - 2 potions of curing {@q1}
 p - a potion of magic {unknown}
 q - a potion of heal wounds {unknown}
 r - a potion of resistance {unknown}
 s - a potion of flight {unknown}
 t - a potion of lignification {unknown}
 w - a potion of cancellation {unknown}

Dungeon Overview and Level Annotations

Branches:
Dungeon (4/15)              Sewer (visited)
 Temple: D:4-7

Altars:
Kikubaaqudgha
Makhleb

#.####....####
##....# ##...#
#...## ##...#
#...## ##...#
##..## #.@.#
##O.## #..<#
##..# #...#
##..# #...
##..# ...


You could see an ogre.


Message History

There is a stone staircase leading down here.
There is a stone staircase leading down here.
You climb downwards.
There is a stone staircase leading up here.
A phantom comes into view.
An ogre comes into view. It is wielding a +0 giant spiked club.
The ogre shouts!
The phantom closely misses you.
You completely miss the phantom. The phantom closely misses you.
You closely miss the phantom. The phantom hits you. 😕 HP[-1]
You take 1 damage, and now have 50/51 hp.
You slash the phantom!
The phantom hits you but does no damage. 😎 HP[+1]
Your hp is fully restored (51).
You hit the phantom. The phantom hits you. 😕 HP[-5]
You take 5 damage, and now have 46/51 hp.
You closely miss the phantom. The phantom hits you. 😕 HP[-3]
You take 3 damage, and now have 43/51 hp.
You completely miss the phantom.
The phantom hits you but does no damage.
The ogre barely misses you.
You hit the phantom. The phantom closely misses you.
The ogre barely misses you. The phantom closely misses you.
You hit the phantom. The ogre closely misses you.
The phantom barely misses you. 😕 HP[+1]
You barely miss the phantom.
The phantom hits you but does no damage.
The ogre hits you with a +0 giant spiked club!!
* * * LOW HITPOINT WARNING * * *
😨 HP[-22]
You take 22 damage, and now have 22/51 hp.
MASSIVE DAMAGE!! (PAUSE) Unknown command.
The phantom hits you.
* * * LOW HITPOINT WARNING * * *
😨 HP[-5]
You take 5 damage, and now have 17/51 hp.
Hop to where?
Press: ? - help, Dir - move target Boing! 😨 HP[+1]
Okay, then.
Aiming: Throw Flame
Press: ? - help, Shift-Dir - straight line, f - phantom
Aim: a phantom (almost destroyed, 56% to hit)
The puff of flame hits the phantom.
You destroy the phantom!
Lugonu accepts your kill.
You have reached level 7! 😨 HP[+2] MP[+1]
You now have 56 max hp (+5).
You regained 2 hp, and now have 20/56 hp.
Your mp is fully restored (9).
There is a stone staircase leading up here. 😨 HP[+1]
You climb upwards.
There is a stone staircase leading down here.
You start resting.
You are ready to hop once more. 😎 HP[+35]
Your hp is fully restored (56).
You climb downwards.
The ogre barely misses you.
There is a stone staircase leading up here.
You hit the ogre.
The ogre hits you with a +0 giant spiked club! 😕 HP[-10]
You take 10 damage, and now have 46/56 hp.
You hit the ogre.
The ogre hits you with a +0 giant spiked club! 😮 HP[-15]
You take 15 damage, and now have 31/56 hp.
MASSIVE DAMAGE!! (PAUSE)
You slash the ogre!
The ogre hits you with a +0 giant spiked club!!
* * * LOW HITPOINT WARNING * * *
😱 HP[-17]
You take 17 damage, and now have 14/56 hp.
MASSIVE DAMAGE!! (PAUSE) Hop to where?
Press: ? - help, Dir - move target Boing!
Okay, then.
Aiming: Throw Flame
Press: ? - help, Shift-Dir - straight line, f - ogre
Aim: an ogre, wielding a +0 giant spiked club (heavily wounded, 85% to hit)
The puff of flame hits the ogre.
You closely miss the ogre. The ogre barely misses you.
You hit the ogre. You hit the ogre. The ogre closely misses you. 😨 HP[+1]
You barely miss the ogre. The ogre barely misses you.
You barely miss the ogre. The ogre misses you.
You barely miss the ogre.
The ogre hits you with a +0 giant spiked club!!
You die...

Skill      XL: |  1  2  3  4  5  6 |
---------------+-------------------+-----
Long Blades    | 1 2 3 |  3.7
Invocations    | 2 3 |  3.3
Fighting       | 4 5 |  5.4
Dodging        | 2 3 |  3.6
Poison Magic   | 1 2 |  2.6
Axes           | |  2.1
Armour         | |  2.4

Action                   |  1- 3 |  4- 6 |  7- 9 || total
-------------------------+-------+-------+-------++-------
Melee: Falchion          |    77 |    97 |     9 ||   183
Throw: Dart              |       |    15 |       ||    15
       Throwing net      |       |     1 |       ||     1
Invok: Depart the Abyss  |     1 |       |       ||     1
 Abil: Hop               |     1 |     1 |     1 ||     3
Evoke: Wand              |       |     1 |     1 ||     2
  Use: Scroll            |     2 |     4 |       ||     6
 Stab: Sleeping          |     1 |       |       ||     1
Armor: Leather armour    |    53 |    33 |       ||    86
       Ring mail         |       |    10 |       ||    10
Dodge: Dodged            |    69 |    79 |     5 ||   153

Levels and vault maps discovered:
D:1:      minmay_arrival_open_corners, layout_rooms,
          shapermc_ecumenical_altar_mp_urbaneastern
D:2:      layout_rooms
D:3:      layout_basic, overflow_temple_1_default, lemuel_round_altar,
          cheibrodos_sewer_entry_drain, roderic_roman_lattice, fountainhead,
          uniq_natasha, uniq_terence
D:4:      layout_cave_pods

Notes
Turn   | Place    | Note
-------+----------+-------------------------------------------
     0 | Abyss:1  | spiderkeys the Barachi Abyssal Knight began the quest for
                  | the Orb.
     0 | Abyss:1  | Reached XP level 1. HP: 18/18 MP: 2/2
     0 | Abyss:1  | magus.rc [v1.9.10]
    71 | Abyss:2  | Noticed a guardian serpent
    71 | Abyss:2  | Noticed a naga mage
    75 | D:1      | You pass through the gate.
    75 | D:1      | Escaped the Abyss
   178 | D:1      | Reached XP level 2. HP: 24/25 MP: 3/3
   280 | D:1      | Reached skill level 1 in Long Blades
   420 | D:1      | Found a faded altar of an unknown god.
   718 | D:2      | Reached skill level 2 in Invocations
   719 | D:2      | Reached skill level 4 in Fighting
   782 | D:2      | Reached * piety under Lugonu
   783 | D:2      | Reached XP level 3. HP: 17/30 MP: 4/4
   790 | D:2      | Reached skill level 2 in Dodging
  1044 | D:2      | You add the spells Sting, Poisonous Vapours and Olgreb's
                  | Toxic Radiance to your library.
  1078 | D:2      | Reached XP level 4. HP: 31/37 MP: 5/5
  1288 | D:2      | Reached skill level 2 in Long Blades
  1395 | D:2      | Learned a level 2 spell: Poisonous Vapours
  1428 | D:3      | Noticed Terence
  1597 | D:3      | Noticed an ogre
  1598 | D:3      | Found a glowing drain.
  1608 | Sewer    | Entered a sewer
  1856 | Sewer    | Noticed Pargi
  1875 | Sewer    | Killed Pargi
  1876 | Sewer    | Reached skill level 1 in Poison Magic
  1876 | Sewer    | Reached XP level 5. HP: 43/43 MP: 5/7
  2146 | D:3      | Killed Terence
  2227 | D:3      | Reached skill level 3 in Long Blades
  2227 | D:3      | Reached skill level 3 in Dodging
  2227 | D:3      | Reached XP level 6. HP: 50/50 MP: 8/8
  2235 | D:3      | Reached ** piety under Lugonu
  2324 | D:3      | Found an ancient bone altar of Kikubaaqudgha.
  2332 | D:3      | Found a burning altar of Makhleb.
  2522 | D:3      | Reached skill level 5 in Fighting
  2522 | D:3      | Reached skill level 2 in Poison Magic
  2522 | D:3      | Reached skill level 3 in Invocations
  2642 | D:3      | Noticed Natasha
  2649 | D:3      | Killed Natasha
  2801 | D:3      | Noticed Natasha
  2809 | D:3      | Killed Natasha
  2863 | D:3      | Noticed Natasha
  2876 | D:3      | Killed Natasha
  3043 | D:4      | Reached XP level 7. HP: 20/56 MP: 9/9
  3246 | D:4      | HP: 14/56 [ogre (18)]
  3254 | D:4      | Mangled by an ogre

Vanquished Creatures
  Pargi (Sewer)
  An ogre (D:3)
  A phantom (D:4)
  A hound (D:3)
  Natasha (thrice) (D:3)
  Terence (D:3)
  A hound skeleton (D:2)
  2 adders
  A worm (D:2)
  A dart slug (D:3)
  6 ball pythons
  5 endoplasms
  A giant cockroach (D:1)
  4 goblins
  4 hobgoblins
  16 jackals
  6 kobolds
  6 bats
  4 rats
65 creatures vanquished.

Vanquished Creatures (others)
  A fungus (D:1)
1 creature vanquished.

Grand Total: 66 creatures vanquished

Table legend:
 A = Non-vault XP
 B = Vault XP
 C = Vault XP percentage of total XP
 D = Non-vault monster count
 E = Vault monster count
 F = Vault count percentage of total count
                 A         B        C        D         E       F
            +---------+---------+-------+---------+---------+-------
      Total |     476 |     220 |  31.6 |      55 |      10 |  15.4
            +---------+---------+-------+---------+---------+-------
        D:1 |      25 |       0 |   0.0 |      15 |       0 |   0.0
        D:2 |      64 |       0 |   0.0 |      17 |       0 |   0.0
        D:3 |     278 |      76 |  21.5 |      22 |       4 |  15.4
        D:4 |     109 |       0 |   0.0 |       1 |       0 |   0.0
      Sewer |       0 |     144 | 100.0 |       0 |       6 | 100.0
            +---------+---------+-------+---------+---------+-------

Illustrated notes

Table legend:
 A = Kills in this place as a percentage of kills in entire the game.
 B = Kills by you in this place as a percentage of kills by you in the entire game.
 C = Kills by friends in this place as a percentage of kills by friends in the entire game.
 D = Other kills in this place as a percentage of other kills in the entire game.
 E = Experience gained in this place as a percentage of experience gained in the entire game.
 F = Experience gained in this place divided by the number of levels of this place that you have seen.
                   A       B       C       D       E      F
               +-------+-------+-------+-------+-------+----------------------
         Total | 100.0 | 100.0 |   N/A |   N/A | 100.0 |  99.4
       Dungeon |  90.8 |  90.8 |   N/A |   N/A |  79.3 | 138.0
         Sewer |   9.2 |   9.2 |   N/A |   N/A |  20.7 | 144.0
               +-------+-------+-------+-------+-------+----------------------

Table legend: (Time is in decaauts)
 A = Elapsed time spent in this place.
 B = Non-inter-level travel time spent in this place.
 C = Inter-level travel time spent in this place.
 D = Time resting spent in this place.
 E = Time spent auto-exploring this place.
 F = Levels seen in this place.
 G = Mean time per level.
                   A        B        C        D        E       F      G
               +--------+--------+--------+--------+--------+-----+--------+
         Total |   3648 |   3465 |    183 |    326 |   2471 |   7 |  521.1 |
       Dungeon |   3180 |   2997 |    183 |    192 |   2244 |   4 |  795.0 |
         Abyss |     88 |     88 |      0 |      0 |     61 |   2 |   44.0 |
         Sewer |    380 |    380 |      0 |    134 |    166 |   1 |  380.0 |
               +--------+--------+--------+--------+--------+-----+--------+

Top non-repeatable levels by time:
     D:3: 1598 daAuts
     D:2: 803 daAuts
     D:1: 718 daAuts
   Sewer: 380 daAuts
 Abyss:1: 64 daAuts
     D:4: 59 daAuts
 Abyss:2: 23 daAuts
